 Dungeon Crawl Stone Soup version 0.17-a0-157-g289cc6a (webtiles) character file.

42 Kisielow the Skirmisher (level 3, -1/34 HPs)
             Began as a Hill Orc Fighter on Mar 26, 2015.
             Was an Initiate of Okawaru.
             Killed by divine providence
             ... invoked by an orc priest
              (12 damage)
             ... on level 3 of the Dungeon.
             The game lasted 00:08:03 (1493 turns).

Kisielow the Skirmisher (Hill Orc Fighter)          Turns: 1493, Time: 00:08:04

Health: -1/34      AC:  9    Str: 19    XL:     3   Next: 54%
Magic:  3/3        EV:  7    Int:  8    God:    Okawaru [......]
Gold:   173        SH:  9    Dex: 10    Spells: 0 memorised, 2 levels left

rFire  . . .     SeeInvis .     a - +0 war axe
rCold  . . .     Clarity  .     b - +0 scale mail
rNeg   . . .     SustAb   .     c - +0 shield
rPois  .         Gourm    .     h - +0 helmet
rElec  .         Spirit   .     g - +0 cloak
rCorr  .         Warding  .     (no gloves)
rMut   .         Stasis   .     (no boots)
MR     .....                    (no amulet)
Stlth  ..........               (no ring)
                                (no ring)

@: very slightly contaminated, hasted, very quick, not resistant to hostile
enchantments, extremely unstealthy
A: no striking features
a: Renounce Religion, Convert to Beogh


You were on level 3 of the Dungeon.
You worshipped Okawaru.
Okawaru was noncommittal.
You were not hungry.

You visited 1 branch of the dungeon, and saw 3 of its levels.

You collected 173 gold pieces.

Inventory:

Hand weapons
 a - a +0 war axe (weapon)
 o - a +1 short sword of venom
Armour
 b - a +0 scale mail (worn)
 c - a +0 shield (worn)
 g - a +0 cloak (worn)
 h - a +0 helmet (worn)
Scrolls
 j - 2 scrolls of teleportation
Potions
 e - a potion of might
 f - a potion of haste
 n - a potion of agility
 r - a potion of magic {unknown}
Comestibles
 d - 3 meat rations
 i - 7 chunks of flesh
 k - 3 slices of pizza
 m - a bread ration


   Skills:
 * Level 4.3 Fighting
 * Level 3.1 Axes
 * Level 3.7 Armour
 * Level 3.7 Shields


You had 2 spell levels left.
You didn't know any spells.

Dungeon Overview and Level Annotations

Branches:
Dungeon (3/15)

Altars:
Ashenzari
Dithmenos
Kikubaaqudgha
Nemelex Xobeh
Okawaru
Ru
Xom
Zin

Annotations:
D:3 Ngotmuk's ghost, average DDFi


Message History

Drink which item? (? for menu, Esc to quit)
You feel yourself speed up.
The orc shouts!
You are very lightly contaminated with residual magic.
The orc priest invokes the aid of Beogh against you.
Something smites you!
The orc wizard hits you but does no damage.
You barely miss the orc wizard. You block the orc wizard's attack.
The orc barely misses you.
A kobold comes into view. It is wielding a short sword.
You closely miss the orc wizard.
The orc priest shouts, "Surrender to Beogh and we'll let you live!"
The kobold shouts!
You hit the orc!
You kill the orc!
Okawaru accepts your kill.
You closely miss the orc.
The orc priest calls down the wrath of Beogh upon you.
Something smites you!
You die...

... .##..# .......
....#..# ........#
......o.#
##.###...#.o#
..........oo#
#.###.####@#
#.......##.# #
#.....#.##.###....#
#.#......[.รท........#
#.......#.####......#
#.###.#.#.# ......
##.#....<#.#.# .....
........)#.#.# .....
...#.###.#.#.# ...


You could see an orc priest, an orc wizard and 2 orcs.

Vanquished Creatures
  A giant gecko (D:2)
  An ooze (D:2)
  3 orcs
  2 bats
  A giant cockroach (D:1)
  6 goblins
  4 hobgoblins
  4 jackals (D:3)
  3 kobolds
  A quokka (D:3)
  7 rats
33 creatures vanquished.

Notes
Turn   | Place    | Note
--------------------------------------------------------------
     0 | D:1      | Kisielow, the Hill Orc Fighter, began the quest for the Orb.
     0 | D:1      | Reached XP level 1. HP: 19/19 MP: 1/1
   180 | D:1      | You fall through a shaft!
   251 | D:2      | Reached skill level 4 in Fighting
   268 | D:2      | Reached XP level 2. HP: 27/27 MP: 2/2
  1132 | D:2      | Reached XP level 3. HP: 33/33 MP: 3/3
  1147 | D:3      | Noticed Ngotmuk's ghost (average DDFi)
  1246 | D:2      | Found a shimmering altar of Xom.
  1249 | D:2      | Found a sparkling altar of Nemelex Xobeh.
  1253 | D:2      | Found a sacrificial altar of Ru.
  1253 | D:2      | Found a shattered altar of Ashenzari.
  1253 | D:2      | Found an ancient bone altar of Kikubaaqudgha.
  1254 | D:2      | Found a glowing silver altar of Zin.
  1254 | D:2      | Found a shadowy altar of Dithmenos.
  1255 | D:2      | Found an iron altar of Okawaru.
  1269 | D:2      | Became a worshipper of Warmaster Okawaru
  1486 | D:3      | Noticed an orc wizard
  1488 | D:3      | Noticed an orc priest
  1493 | D:3      | Killed from afar by an orc priest

Action                   || total
-------------------------++-------
Melee: War axe           ||    89
  Use: Scroll            ||     6
       Potion            ||     3
  Eat: Chunk             ||     2
